General information
- name: BNet
- type: Ladder team game (AT/RT)
- host: Battle.net
- saver: BEAR_AND
map: Monsoon
- players: 6
- length: 28:30
- speed: Fast
- version: 1.26 W3XP
- replay type:

» download(218 KB)
Players
team 1 (loser)

»
GoBlue4 (
red | 45 APM | 1251 actions | 27:37)
3 Dreadlord
1 Sleep
2 Vampiric Aura
2 Dark Ranger
1 Black Arrow
1 Silence
» actions
| Basic commands | 71 | |
| Build / train | 52 | |
| Enter build submenu | 22 | |
| Enter hero's abilities submenu | 5 | |
| Give item / drop item | 1 | |
| Remove unit from queue | 3 | |
| Right click | 598 | |
| Select / deselect | 441 | |
| Use ability | 58 | |
1251 total
» units
| Acolyte | 7 | |
| Ghoul | 4 | |
| Crypt Fiend | 12 | |
| Meatwagon | 5 | |
| Frost Wyrm | 6 | |
34 total
» upgrades
| Web | 1 | |
| Creature Attack | 1 | |
| Freezing Breath | 1 | |
3 total
» buildings
| Ziggurat | 11 | |
| Altar of Darkness | 1 | |
| Crypt | 1 | |
| Graveyard | 1 | |
| Nerubian Tower | 2 | |
| Tomb of Relics | 1 | |
| Halls of the Dead | 1 | |
| Slaughterhouse | 1 | |
| Spirit Tower | 1 | |
| Sacrificial Pit | 1 | |
| Black Citadel | 1 | |
| Boneyard | 2 | |
24 total
» build order
00:06 Ziggurat
00:13 Altar of Darkness
00:37 Crypt
01:04 Graveyard
01:22 Ziggurat
01:37 Ziggurat
03:00 Nerubian Tower
03:55 Tomb of Relics
04:35 Ziggurat
04:41 Ziggurat
05:27 Halls of the Dead
07:15 Ziggurat
08:49 Slaughterhouse
10:47 Ziggurat
11:41 Ziggurat
13:21 Spirit Tower
13:22 Nerubian Tower
15:37 Sacrificial Pit
15:39 Black Citadel
17:48 Ziggurat
17:50 Ziggurat
17:52 Ziggurat
18:11 Boneyard
18:16 Boneyard
26:55 Spirit Tower
mikeyc (
blue | 51 APM | 1443 actions | 28:28)
4 Blademaster
2 Wind Walk
1 Critical Strike
1 Mirror Image
» actions
| Assign group hotkey | 22 | |
| Basic commands | 23 | |
| Build / train | 54 | |
| Enter build submenu | 22 | |
| Enter hero's abilities submenu | 4 | |
| Right click | 634 | |
| Select / deselect | 184 | |
| Select group hotkey | 452 | |
| Use ability | 48 | |
1443 total
» units
» upgrades
| Melee Weapons | 3 | |
| Armor | 1 | |
| Reinforced Defenses | 1 | |
5 total
» buildings
| Orc Burrow | 9 | |
| Altar of Storms | 1 | |
| Barracks | 1 | |
| War Mill | 1 | |
| Stronghold | 1 | |
| Fortress | 1 | |
| Tauren Totem | 1 | |
| Watch Tower | 2 | |
| Great Hall | 1 | |
18 total
» build order
00:12 Orc Burrow
00:15 Altar of Storms
00:19 Barracks
01:38 Orc Burrow
02:36 Orc Burrow
03:33 Orc Burrow
04:29 Orc Burrow
05:25 War Mill
06:39 Stronghold
09:00 Fortress
09:09 Orc Burrow
11:40 Tauren Totem
13:35 Orc Burrow
14:44 Orc Burrow
16:10 Watch Tower
16:46 Watch Tower
17:43 Great Hall
17:56 Orc Burrow
stredd (
green | 71 APM | 2004 actions | 28:20)
3 Archmage
2 Summon Water Elemental
1 Brilliance Aura
3 Paladin
2 Holy Light
1 Divine Shield
» actions
| Assign group hotkey | 46 | |
| Basic commands | 14 | |
| Build / train | 96 | |
| ESC pressed | 2 | |
| Enter build submenu | 25 | |
| Enter hero's abilities submenu | 6 | |
| Give item / drop item | 1 | |
| Right click | 751 | |
| Select / deselect | 402 | |
| Select group hotkey | 591 | |
| Use ability | 70 | |
2004 total
» units
| Peasant | 25 | |
| Footman | 9 | |
| Priest | 2 | |
| Mortar Team | 7 | |
| Sorceress | 2 | |
| Siege Engine | 21 | |
| Knight | 1 | |
67 total
» upgrades
| Gunpowder | 3 | |
| Lumber Harvesting | 2 | |
| Plating | 3 | |
| Magic Sentry | 1 | |
| Barrage | 1 | |
10 total
» buildings
| Altar of Kings | 1 | |
| Barracks | 1 | |
| Farm | 13 | |
| Arcane Vault | 1 | |
| Scout Tower | 6 | |
| Arcane Tower | 1 | |
| Keep | 1 | |
| Lumber Mill | 1 | |
| Blacksmith | 1 | |
| Arcane Sanctum | 2 | |
| Workshop | 3 | |
| Castle | 1 | |
| Town Hall | 1 | |
| Guard Tower | 4 | |
37 total
» build order
00:05 Altar of Kings
00:27 Barracks
00:29 Farm
01:33 Farm
02:10 Farm
02:36 Arcane Vault
02:46 Farm
02:58 Scout Tower
03:21 Arcane Tower
03:30 Keep
03:51 Lumber Mill
04:52 Blacksmith
05:58 Arcane Sanctum
06:42 Arcane Sanctum
07:34 Farm
07:35 Farm
08:08 Workshop
08:44 Castle
09:05 Town Hall
11:11 Workshop
11:38 Farm
11:40 Farm
13:14 Farm
13:14 Farm
15:42 Scout Tower
15:43 Scout Tower
15:44 Scout Tower
15:45 Scout Tower
15:46 Scout Tower
16:29 Guard Tower
16:49 Workshop
17:19 Guard Tower
17:21 Guard Tower
17:54 Guard Tower
21:10 Farm
21:11 Farm
21:14 Farm
» items
| Scroll of Regeneration | 1 | |
| Potion of Healing | 1 | |
| Potion of Mana | 1 | |
3 total
team 2 (winner)
BEAR_AND (
yellow | 112 APM | 3182 actions | 28:30)
4 Archmage
2 Blizzard
2 Brilliance Aura
3 Mountain King
2 Storm Bolt
1 Bash
3 Paladin
2 Holy Light
1 Divine Shield
» actions
| Assign group hotkey | 16 | |
| Basic commands | 12 | |
| Build / train | 127 | |
| Enter build submenu | 64 | |
| Enter hero's abilities submenu | 10 | |
| Give item / drop item | 5 | |
| Remove unit from queue | 1 | |
| Right click | 1995 | |
| Select / deselect | 443 | |
| Select group hotkey | 266 | |
| Use ability | 243 | |
3182 total
» units
| Peasant | 24 | |
| Sorceress | 1 | |
| Dragonhawk Rider | 4 | |
29 total
» upgrades
| Masonry | 3 | |
| Magic Sentry | 1 | |
| Sorceress Training | 2 | |
| Swords | 1 | |
| Armor | 1 | |
| Animal War Training | 1 | |
9 total
» buildings
| Farm | 5 | |
| Altar of Kings | 2 | |
| Lumber Mill | 1 | |
| Scout Tower | 121 | |
| Arcane Tower | 6 | |
| Guard Tower | 44 | |
| Keep | 5 | |
| Arcane Vault | 3 | |
| Arcane Sanctum | 1 | |
| Town Hall | 3 | |
| Castle | 1 | |
| Gryphon Aviary | 2 | |
| Blacksmith | 1 | |
| Barracks | 1 | |
196 total
» build order
00:19 Farm
00:33 Altar of Kings
00:51 Lumber Mill
01:01 Scout Tower
01:19 Scout Tower
01:22 Scout Tower
01:34 Farm
01:45 Scout Tower
01:51 Arcane Tower
01:58 Scout Tower
02:13 Scout Tower
02:23 Scout Tower
02:23 Guard Tower
02:24 Guard Tower
02:24 Guard Tower
02:41 Guard Tower
02:42 Guard Tower
02:43 Scout Tower
03:06 Scout Tower
03:07 Scout Tower
03:07 Scout Tower
03:08 Scout Tower
03:12 Scout Tower
03:15 Scout Tower
03:16 Scout Tower
03:17 Scout Tower
03:18 Guard Tower
03:18 Guard Tower
03:40 Guard Tower
03:46 Guard Tower
04:00 Guard Tower
04:32 Scout Tower
04:33 Scout Tower
04:34 Scout Tower
04:35 Scout Tower
04:36 Scout Tower
05:16 Guard Tower
05:33 Keep
05:33 Keep
05:34 Keep
05:34 Keep
06:33 Guard Tower
06:41 Scout Tower
06:42 Scout Tower
06:44 Scout Tower
06:49 Farm
06:50 Farm
06:54 Guard Tower
06:55 Scout Tower
06:56 Scout Tower
06:56 Scout Tower
06:57 Scout Tower
06:58 Scout Tower
06:58 Scout Tower
06:59 Scout Tower
06:59 Scout Tower
07:00 Scout Tower
07:00 Scout Tower
07:01 Scout Tower
07:14 Arcane Vault
07:49 Guard Tower
08:08 Guard Tower
08:45 Guard Tower
08:49 Guard Tower
09:09 Scout Tower
09:11 Scout Tower
09:11 Scout Tower
09:12 Scout Tower
09:21 Guard Tower
09:23 Scout Tower
09:24 Scout Tower
09:27 Scout Tower
09:28 Scout Tower
09:33 Scout Tower
09:34 Scout Tower
09:34 Scout Tower
10:28 Guard Tower
11:38 Guard Tower
11:44 Arcane Sanctum
12:00 Arcane Tower
12:21 Town Hall
13:07 Castle
13:17 Scout Tower
13:20 Scout Tower
13:21 Guard Tower
13:57 Guard Tower
13:58 Guard Tower
14:01 Scout Tower
14:02 Scout Tower
14:02 Scout Tower
14:03 Scout Tower
14:19 Guard Tower
14:38 Scout Tower
14:39 Guard Tower
14:56 Altar of Kings
15:01 Scout Tower
15:01 Scout Tower
15:02 Scout Tower
15:03 Scout Tower
15:20 Guard Tower
15:49 Guard Tower
16:00 Guard Tower
16:16 Scout Tower
16:16 Scout Tower
16:17 Scout Tower
16:18 Scout Tower
16:18 Scout Tower
16:19 Scout Tower
17:13 Scout Tower
17:14 Scout Tower
17:14 Scout Tower
17:15 Scout Tower
17:15 Scout Tower
17:16 Scout Tower
17:17 Scout Tower
17:21 Scout Tower
17:21 Scout Tower
17:23 Scout Tower
17:23 Scout Tower
17:36 Guard Tower
17:43 Gryphon Aviary
17:51 Guard Tower
18:06 Guard Tower
18:20 Scout Tower
18:20 Scout Tower
18:21 Scout Tower
18:22 Scout Tower
18:24 Scout Tower
18:26 Scout Tower
18:26 Scout Tower
18:27 Scout Tower
18:30 Arcane Tower
18:30 Guard Tower
19:11 Gryphon Aviary
19:18 Guard Tower
19:29 Guard Tower
19:32 Scout Tower
19:34 Scout Tower
19:34 Scout Tower
19:37 Scout Tower
19:38 Scout Tower
19:43 Arcane Vault
19:45 Arcane Vault
20:22 Blacksmith
20:24 Barracks
20:33 Town Hall
20:37 Scout Tower
20:37 Scout Tower
20:38 Scout Tower
20:38 Scout Tower
20:39 Scout Tower
20:39 Scout Tower
20:40 Scout Tower
20:40 Scout Tower
20:41 Scout Tower
20:42 Scout Tower
20:43 Scout Tower
20:44 Scout Tower
20:44 Scout Tower
20:46 Scout Tower
20:47 Scout Tower
20:48 Scout Tower
20:48 Scout Tower
22:05 Guard Tower
23:48 Arcane Tower
23:50 Guard Tower
24:02 Arcane Tower
24:33 Arcane Tower
25:58 Scout Tower
25:59 Scout Tower
25:59 Scout Tower
26:01 Scout Tower
26:01 Scout Tower
26:02 Scout Tower
26:02 Scout Tower
26:03 Scout Tower
26:04 Scout Tower
26:05 Scout Tower
26:05 Scout Tower
26:06 Scout Tower
26:06 Scout Tower
26:07 Scout Tower
26:07 Scout Tower
26:08 Scout Tower
26:31 Guard Tower
27:37 Guard Tower
27:37 Guard Tower
28:02 Town Hall
» items
| Healing Salve | 2 | |
| Lesser Clarity Potion | 1 | |
| Boots of Speed | 2 | |
| Staff of Teleportation | 4 | |
| Scroll of Regeneration | 2 | |
| Potion of Healing | 1 | |
| Orb of Lightning | 2 | |
| Staff of Sanctuary | 2 | |
| Scroll of Town Portal | 1 | |
17 total
JacobEsports (
pink | 109 APM | 3114 actions | 28:29)
6 Blademaster
2 Wind Walk
3 Critical Strike
1 Bladestorm
» actions
| Assign group hotkey | 32 | |
| Basic commands | 36 | |
| Build / train | 58 | |
| ESC pressed | 6 | |
| Enter build submenu | 63 | |
| Enter hero's abilities submenu | 6 | |
| Give item / drop item | 4 | |
| Right click | 2173 | |
| Select / deselect | 269 | |
| Select group hotkey | 317 | |
| Use ability | 150 | |
3114 total
» units
» upgrades
| Spiked Barricades | 1 | |
| Ranged Weapons | 3 | |
| Liquid Fire | 1 | |
| Armor | 1 | |
| Reinforced Defenses | 1 | |
7 total
» buildings
| Altar of Storms | 1 | |
| Orc Burrow | 4 | |
| War Mill | 1 | |
| Watch Tower | 38 | |
| Voodoo Lounge | 3 | |
| Stronghold | 3 | |
| Beastiary | 2 | |
| Fortress | 3 | |
| Great Hall | 2 | |
57 total
» build order
00:03 Altar of Storms
00:07 Orc Burrow
00:25 War Mill
01:40 Watch Tower
01:57 Watch Tower
02:11 Orc Burrow
02:44 Voodoo Lounge
02:46 Watch Tower
03:08 Watch Tower
03:57 Watch Tower
04:18 Watch Tower
04:40 Stronghold
04:41 Stronghold
05:14 Watch Tower
05:24 Watch Tower
05:32 Orc Burrow
05:39 Watch Tower
06:40 Watch Tower
06:40 Watch Tower
06:50 Orc Burrow
06:55 Watch Tower
07:25 Beastiary
07:26 Beastiary
07:47 Watch Tower
07:50 Watch Tower
07:57 Watch Tower
08:49 Fortress
08:49 Fortress
09:00 Watch Tower
09:14 Voodoo Lounge
09:43 Watch Tower
10:15 Watch Tower
11:05 Watch Tower
11:22 Watch Tower
11:26 Voodoo Lounge
12:28 Watch Tower
14:05 Watch Tower
15:10 Great Hall
16:25 Watch Tower
16:27 Watch Tower
17:31 Watch Tower
17:32 Watch Tower
19:03 Watch Tower
19:38 Great Hall
19:40 Watch Tower
19:42 Watch Tower
19:43 Watch Tower
19:55 Watch Tower
22:33 Watch Tower
22:34 Watch Tower
22:36 Watch Tower
22:36 Watch Tower
23:05 Watch Tower
23:25 Watch Tower
23:26 Watch Tower
» items
| Boots of Speed | 1 | |
| Staff of Teleportation | 1 | |
| Lesser Clarity Potion | 3 | |
| Healing Salve | 3 | |
| Orb of Lightning | 1 | |
| Scroll of Town Portal | 1 | |
10 total
timg4strok (
teal | 123 APM | 3515 actions | 28:29)
6 Warden
3 Shadow Strike
3 Blink
» actions
| Assign group hotkey | 7 | |
| Basic commands | 16 | |
| Build / train | 59 | |
| ESC pressed | 2 | |
| Enter build submenu | 20 | |
| Enter hero's abilities submenu | 6 | |
| Give item / drop item | 4 | |
| Right click | 2657 | |
| Select / deselect | 143 | |
| Select group hotkey | 469 | |
| Use ability | 131 | |
3515 total
» units
» upgrades
| Ultravision | 1 | |
| Strength of the Wild | 3 | |
| Well Spring | 1 | |
| Corrosive Breath | 2 | |
| Reinforced Hides | 3 | |
10 total
» buildings
| Altar of Elders | 1 | |
| Moon Well | 17 | |
| Tree of Life | 1 | |
| Tree of Ages | 1 | |
| Hunter's Hall | 1 | |
| Tree of Eternity | 2 | |
| Ancient of Wonders | 1 | |
| Ancient of Wind | 1 | |
| Chimaera Roost | 2 | |
27 total
» build order
00:05 Altar of Elders
00:11 Moon Well
01:26 Moon Well
02:28 Moon Well
02:29 Moon Well
02:31 Moon Well
02:33 Moon Well
04:28 Tree of Life
05:58 Tree of Ages
08:17 Hunter's Hall
08:22 Tree of Eternity
08:22 Tree of Eternity
09:18 Ancient of Wonders
09:23 Ancient of Wind
11:33 Chimaera Roost
11:33 Chimaera Roost
11:39 Moon Well
11:40 Moon Well
11:41 Moon Well
11:48 Moon Well
11:49 Moon Well
11:50 Moon Well
11:51 Moon Well
11:54 Moon Well
11:55 Moon Well
11:56 Moon Well
11:57 Moon Well
» items
| Boots of Speed | 1 | |
| Staff of Teleportation | 4 | |
| Potion of Invisibility | 1 | |
| Orb of Venom | 1 | |
| Scroll of Town Portal | 1 | |
| Potion of Healing | 3 | |
11 total
Chat log
(00:30 / All) timg4strok: hey dogs
(00:33 / All) timg4strok: good luck2 u
(00:34 / All) stredd: hi
(00:36 / All) stredd: were bad
(00:37 / All) BEAR_AND: hi every1
(00:38 / All) stredd: thanks
(00:40 / All) timg4strok: me too
(00:40 / All) BEAR_AND: me my bad
(00:45 / All) timg4strok: please.., lets take it easy
(00:48 / All) timg4strok: take it sleazy ,
(00:59 / All) timg4strok: had u ever got tired of runing
(01:04 / All) JacobEsports: i havent played this gamae in like 6 years
(01:08 / All) stredd: same
(01:08 / All) JacobEsports: since i wast born
(01:10 / All) BEAR_AND: im a pod still
(01:12 / All) BEAR_AND: actually
(01:51 / All) timg4strok: u guys ever p[lay warcraft 4
(02:12 / All) timg4strok: its closed beta right now. if u sign up at http://highper.ch/futbol.htm u get in
(02:27 / All) stredd: o much porn
(27:50 / All) BEAR_AND: whgy
(27:54 / All) BEAR_AND: starcraft futbol
(27:58 / All) mikeyc: dumbest game ever
(28:03 / All) stredd: because that was the leats fun game ive ever played
(28:03 / All) BEAR_AND: neow
(28:08 / All) timg4strok: the leats game
(28:11 / All) JacobEsports: this was the most fun game ive ever played
(28:14 / All) BEAR_AND: put ur leats on and play starcrant frontbut
(28:15 / All) stredd: im going to give your dad aids
(28:18 / All) stredd: anal aids
(28:21 / All) mikeyc: big hiary aids
(28:21 / All) BEAR_AND: facetime me
(28:24 / All) BEAR_AND: 6478699830